Warning! The script has encountered some errors when parsing the replay. Please report them to the . » details
0x74, prev: 0x16: 16 02 01 00 16 01 01 00 1A 19 68 63 [74] 4F ED A8 00 00 5B 21 01 00 01 1F 00 12 18 00 03 00 0D 00 FF FF FF FF FF FF FF FF 9E 58 86 C5 88 45 34 C4 FF FF FF FF FF FF FF FF 01 1F 00 12 18 00 03 00 0D 00 FF FF FF FF FF FF FF FF 9E 58 86 C5 88 45 34 C4 FF FF FF FF FF FF FF FF
0xED, prev: 0x74: 16 02 01 00 16 01 01 00 1A 19 68 63 74 4F [ED] A8 00 00 5B 21 01 00 01 1F 00 12 18 00 03 00 0D 00 FF FF FF FF FF FF FF FF 9E 58 86 C5 88 45 34 C4 FF FF FF FF FF FF FF FF 01 1F 00 12 18 00 03 00 0D 00 FF FF FF FF FF FF FF FF 9E 58 86 C5 88 45 34 C4 FF FF FF FF FF FF FF FF
0x00, prev: 0xED: 16 02 01 00 16 01 01 00 1A 19 68 63 74 4F ED A8 [00] 00 5B 21 01 00 01 1F 00 12 18 00 03 00 0D 00 FF FF FF FF FF FF FF FF 9E 58 86 C5 88 45 34 C4 FF FF FF FF FF FF FF FF 01 1F 00 12 18 00 03 00 0D 00 FF FF FF FF FF FF FF FF 9E 58 86 C5 88 45 34 C4 FF FF FF FF FF FF FF FF
0x5B, prev: 0x00: 16 02 01 00 16 01 01 00 1A 19 68 63 74 4F ED A8 00 00 [5B] 21 01 00 01 1F 00 12 18 00 03 00 0D 00 FF FF FF FF FF FF FF FF 9E 58 86 C5 88 45 34 C4 FF FF FF FF FF FF FF FF 01 1F 00 12 18 00 03 00 0D 00 FF FF FF FF FF FF FF FF 9E 58 86 C5 88 45 34 C4 FF FF FF FF FF FF FF FF
0x00, prev: 0x01: 16 02 01 00 16 01 01 00 1A 19 68 63 74 4F ED A8 00 00 5B 21 01 [00] 01 1F 00 12 18 00 03 00 0D 00 FF FF FF FF FF FF FF FF 9E 58 86 C5 88 45 34 C4 FF FF FF FF FF FF FF FF 01 1F 00 12 18 00 03 00 0D 00 FF FF FF FF FF FF FF FF 9E 58 86 C5 88 45 34 C4 FF FF FF FF FF FF FF FF
0xB1, prev: 0x75: 16 02 01 00 16 01 01 00 1A 19 6F 72 66 75 39 [B1] 00 00 1D 07 14 00
0x00, prev: 0xB1: 16 02 01 00 16 01 01 00 1A 19 6F 72 66 75 39 B1 00 [00] 1D 07 14 00
0x00, prev: 0x16: 16 02 01 00 1A 19 76 79 77 6F 03 0D [00] 00 1F CA 15 00 03 1F 00 12 42 00 26 00 0D 00 FF FF FF FF FF FF FF FF 00 AC E3 C5 00 20 40 44 67 9D 00 00 FD 9C 16 00
0x0A, prev: 0x61: 16 02 01 00 1A 19 64 68 73 4F 65 A7 00 00 61 [0A] 11 00
0x00, prev: 0x0A: 16 02 01 00 16 01 01 00 1A 19 64 68 73 4F 65 A7 00 00 61 0A 11 [00]
0x77, prev: 0x16: 16 02 01 00 16 01 01 00 1A 19 76 79 [77] 6F E0 A6 00 00 CE C7 13 00 01 1F 00 12 00 00 03 00 0D 00 FF FF FF FF FF FF FF FF 4D 03 DD C5 51 61 00 44 FF FF FF FF FF FF FF FF
0xE0, prev: 0x77: 16 02 01 00 16 01 01 00 1A 19 76 79 77 6F [E0] A6 00 00 CE C7 13 00 01 1F 00 12 00 00 03 00 0D 00 FF FF FF FF FF FF FF FF 4D 03 DD C5 51 61 00 44 FF FF FF FF FF FF FF FF
0x00, prev: 0xE0: 16 02 01 00 16 01 01 00 1A 19 76 79 77 6F E0 A6 [00] 00 CE C7 13 00 01 1F 00 12 00 00 03 00 0D 00 FF FF FF FF FF FF FF FF 4D 03 DD C5 51 61 00 44 FF FF FF FF FF FF FF FF
0xCE, prev: 0x00: 16 02 01 00 16 01 01 00 1A 19 76 79 77 6F E0 A6 00 00 [CE] C7 13 00 01 1F 00 12 00 00 03 00 0D 00 FF FF FF FF FF FF FF FF 4D 03 DD C5 51 61 00 44 FF FF FF FF FF FF FF FF
0x73, prev: 0x16: 16 02 01 00 16 01 01 00 1A 19 64 6C [73] 6F 62 A5 00 00 D8 3C 03 00
0xA7, prev: 0x65: 16 02 01 00 16 01 01 00 1A 19 64 68 73 4F 65 [A7] 00 00 61 0A 11 00
0x00, prev: 0xA7: 16 02 01 00 16 01 01 00 1A 19 64 68 73 4F 65 A7 00 [00] 61 0A 11 00
0x0A, prev: 0x00: 16 02 01 00 16 01 01 00 1A 19 64 68 73 4F 65 A7 00 00 61 [0A] 11 00
0x6F, prev: 0x61: 16 02 01 00 16 01 01 00 1A 19 74 6C 61 [6F] 2B AB 00 00 4D BB 00 00 08 1F 00 12 00 00 03 00 0D 00 FF FF FF FF FF FF FF FF 8F 71 DF C5 00 55 94 43 F1 95 00 00 66 2D 01 00 08 1F 00 12 00 00 03 00 0D 00 FF FF FF FF FF FF FF FF 8F 71 DF C5 00 55 94 43 F1 95 00 00 66 2D 01 00 01 1F 00 12 18 00 03 00 0D 00 FF FF FF FF FF FF FF FF 92 CB E6 C5 C0 87 2F 44 4E A1 00 00 F3 1F 01 00
0xAB, prev: 0x6F: 16 02 01 00 16 01 01 00 1A 19 74 6C 61 6F 2B [AB] 00 00 4D BB 00 00 08 1F 00 12 00 00 03 00 0D 00 FF FF FF FF FF FF FF FF 8F 71 DF C5 00 55 94 43 F1 95 00 00 66 2D 01 00 08 1F 00 12 00 00 03 00 0D 00 FF FF FF FF FF FF FF FF 8F 71 DF C5 00 55 94 43 F1 95 00 00 66 2D 01 00 01 1F 00 12 18 00 03 00 0D 00 FF FF FF FF FF FF FF FF 92 CB E6 C5 C0 87 2F 44 4E A1 00 00 F3 1F 01 00
0x00, prev: 0xAB: 16 02 01 00 16 01 01 00 1A 19 74 6C 61 6F 2B AB 00 [00] 4D BB 00 00 08 1F 00 12 00 00 03 00 0D 00 FF FF FF FF FF FF FF FF 8F 71 DF C5 00 55 94 43 F1 95 00 00 66 2D 01 00 08 1F 00 12 00 00 03 00 0D 00 FF FF FF FF FF FF FF FF 8F 71 DF C5 00 55 94 43 F1 95 00 00 66 2D 01 00 01 1F 00 12 18 00 03 00 0D 00 FF FF FF FF FF FF FF FF 92 CB E6 C5 C0 87 2F 44 4E A1 00 00 F3 1F 01 00
0xBB, prev: 0x00: 16 02 01 00 16 01 01 00 1A 19 74 6C 61 6F 2B AB 00 00 4D [BB] 00 00 08 1F 00 12 00 00 03 00 0D 00 FF FF FF FF FF FF FF FF 8F 71 DF C5 00 55 94 43 F1 95 00 00 66 2D 01 00 08 1F 00 12 00 00 03 00 0D 00 FF FF FF FF FF FF FF FF 8F 71 DF C5 00 55 94 43 F1 95 00 00 66 2D 01 00 01 1F 00 12 18 00 03 00 0D 00 FF FF FF FF FF FF FF FF 92 CB E6 C5 C0 87 2F 44 4E A1 00 00 F3 1F 01 00
0x00, prev: 0xBB: 16 02 01 00 16 01 01 00 1A 19 74 6C 61 6F 2B AB 00 00 4D BB 00 [00] 08 1F 00 12 00 00 03 00 0D 00 FF FF FF FF FF FF FF FF 8F 71 DF C5 00 55 94 43 F1 95 00 00 66 2D 01 00 08 1F 00 12 00 00 03 00 0D 00 FF FF FF FF FF FF FF FF 8F 71 DF C5 00 55 94 43 F1 95 00 00 66 2D 01 00 01 1F 00 12 18 00 03 00 0D 00 FF FF FF FF FF FF FF FF 92 CB E6 C5 C0 87 2F 44 4E A1 00 00 F3 1F 01 00
0x6E, prev: 0x67: 16 02 01 00 16 01 01 00 1A 19 6C 6F 67 [6E] E9 94 00 00 E9 94 00 00 07 1F 00 12 18 00 03 00 0D 00 FF FF FF FF FF FF FF FF 92 7E A1 C5 28 5B F7 C4 FF FF FF FF FF FF FF FF 07 01 00 67 06 5C 00 17 00 0B 00 47 A1 00 00 6B 07 14 00 02 9C 00 00 A4 39 01 00 8D 29 00 00 FA F7 15 00 96 37 00 00 6B B5 14 00 13 46 00 00 27 F8 15 00 D8 97 00 00 54 F8 15 00 12 9F 00 00 8B 5A 15 00 93 A7 00 00 5D 5A 15 00 92 CA 00 00 81 F8 15 00 BC CA 00 00 E7 5A 15 00 D1 CA 00 00 B9 5A 15 00
0x94, prev: 0x6E: 16 02 01 00 16 01 01 00 1A 19 6C 6F 67 6E E9 [94] 00 00 E9 94 00 00 07 1F 00 12 18 00 03 00 0D 00 FF FF FF FF FF FF FF FF 92 7E A1 C5 28 5B F7 C4 FF FF FF FF FF FF FF FF 07 01 00 67 06 5C 00 17 00 0B 00 47 A1 00 00 6B 07 14 00 02 9C 00 00 A4 39 01 00 8D 29 00 00 FA F7 15 00 96 37 00 00 6B B5 14 00 13 46 00 00 27 F8 15 00 D8 97 00 00 54 F8 15 00 12 9F 00 00 8B 5A 15 00 93 A7 00 00 5D 5A 15 00 92 CA 00 00 81 F8 15 00 BC CA 00 00 E7 5A 15 00 D1 CA 00 00 B9 5A 15 00
0x00, prev: 0x94: 16 02 01 00 16 01 01 00 1A 19 6C 6F 67 6E E9 94 00 00 E9 94 00 [00] 07 1F 00 12 18 00 03 00 0D 00 FF FF FF FF FF FF FF FF 92 7E A1 C5 28 5B F7 C4 FF FF FF FF FF FF FF FF 07 01 00 67 06 5C 00 17 00 0B 00 47 A1 00 00 6B 07 14 00 02 9C 00 00 A4 39 01 00 8D 29 00 00 FA F7 15 00 96 37 00 00 6B B5 14 00 13 46 00 00 27 F8 15 00 D8 97 00 00 54 F8 15 00 12 9F 00 00 8B 5A 15 00 93 A7 00 00 5D 5A 15 00 92 CA 00 00 81 F8 15 00 BC CA 00 00 E7 5A 15 00 D1 CA 00 00 B9 5A 15 00
0x94, prev: 0x00: 16 02 01 00 16 01 01 00 1A 19 6C 6F 67 6E E9 94 00 00 E9 [94] 00 00 07 1F 00 12 18 00 03 00 0D 00 FF FF FF FF FF FF FF FF 92 7E A1 C5 28 5B F7 C4 FF FF FF FF FF FF FF FF 07 01 00 67 06 5C 00 17 00 0B 00 47 A1 00 00 6B 07 14 00 02 9C 00 00 A4 39 01 00 8D 29 00 00 FA F7 15 00 96 37 00 00 6B B5 14 00 13 46 00 00 27 F8 15 00 D8 97 00 00 54 F8 15 00 12 9F 00 00 8B 5A 15 00 93 A7 00 00 5D 5A 15 00 92 CA 00 00 81 F8 15 00 BC CA 00 00 E7 5A 15 00 D1 CA 00 00 B9 5A 15 00
0x1F, prev: 0x00: 16 02 01 00 1A 19 76 79 77 6F 03 0D 00 00 [1F] CA 15 00 03 1F 00 12 42 00 26 00 0D 00 FF FF FF FF FF FF FF FF 00 AC E3 C5 00 20 40 44 67 9D 00 00 FD 9C 16 00
0x15, prev: 0x1F: 16 02 01 00 1A 19 76 79 77 6F 03 0D 00 00 1F CA [15] 00 03 1F 00 12 42 00 26 00 0D 00 FF FF FF FF FF FF FF FF 00 AC E3 C5 00 20 40 44 67 9D 00 00 FD 9C 16 00
0x70, prev: 0x16: 16 02 01 00 16 01 01 00 1A 19 6F 65 [70] 6F 0C AF 00 00 15 AF 00 00
0x0C, prev: 0x70: 16 02 01 00 16 01 01 00 1A 19 6F 65 70 6F [0C] AF 00 00 15 AF 00 00
0x00, prev: 0x0C: 16 02 01 00 16 01 01 00 1A 19 6F 65 70 6F 0C AF [00] 00 15 AF 00 00
0x15, prev: 0x00: 16 02 01 00 16 01 01 00 1A 19 6F 65 70 6F 0C AF 00 00 [15] AF 00 00
0x00, prev: 0x15: 16 02 01 00 16 01 01 00 1A 19 6F 65 70 6F 0C AF 00 00 15 AF [00] 00
0x6F, prev: 0x66: 16 02 01 00 16 01 01 00 1A 19 74 72 66 [6F] C0 AE 00 00 C9 AE 00 00 07 0C 00 17 00 01 00 4D A1 00 00 89 21 01 00
0xAE, prev: 0x6F: 16 02 01 00 16 01 01 00 1A 19 74 72 66 6F C0 [AE] 00 00 C9 AE 00 00 07 0C 00 17 00 01 00 4D A1 00 00 89 21 01 00
0x00, prev: 0xAE: 16 02 01 00 16 01 01 00 1A 19 74 72 66 6F C0 AE 00 00 C9 AE 00 [00] 07 0C 00 17 00 01 00 4D A1 00 00 89 21 01 00
0xAE, prev: 0x00: 16 02 01 00 16 01 01 00 1A 19 74 72 66 6F C0 AE 00 00 C9 [AE] 00 00 07 0C 00 17 00 01 00 4D A1 00 00 89 21 01 00
0x6D, prev: 0x16: 16 02 01 00 16 01 01 00 1A 19 6B 72 [6D] 6E 3D 94 00 00 3D 94 00 00
0x3D, prev: 0x6D: 16 02 01 00 16 01 01 00 1A 19 6B 72 6D 6E [3D] 94 00 00 3D 94 00 00
0x00, prev: 0x3D: 16 02 01 00 16 01 01 00 1A 19 6B 72 6D 6E 3D 94 00 00 3D 94 [00] 00
0x3D, prev: 0x00: 16 02 01 00 16 01 01 00 1A 19 6B 72 6D 6E 3D 94 00 00 [3D] 94 00 00
General information
- name: BNet
- type: Ladder team game (AT/RT)
- host: Battle.net
- saver: blinN
map: Friends
- players: 8
- length: 56:57
- speed: Fast
- version: 1.21 W3XP
- replay type:

» download(481 KB)
Players
team 1 (winner)
blinN (
yellow | 153 APM | 5819 actions | 37:58)
6 Tauren Chieftain
3 Shockwave
2 Endurance Aura
1 Reincarnation
5 Pandaren Brewmaster
3 Breath of Fire
2 Drunken Brawler
» actions
| Assign group hotkey | 289 | |
| Basic commands | 29 | |
| Build / train | 167 | |
| Enter build submenu | 104 | |
| Enter hero's abilities submenu | 16 | |
| Give item / drop item | 2 | |
| Remove unit from queue | 39 | |
| Right click | 2383 | |
| Select / deselect | 877 | |
| Select group hotkey | 1338 | |
| Use ability | 574 | |
5819 total
» units
| Peon | 32 | |
| Troll Batrider | 50 | |
| Goblin Shredder | 1 | |
| Goblin Zeppelin | 1 | |
84 total
» upgrades
| Spiked Barricades | 2 | |
| Reinforced Defenses | 1 | |
| Liquid Fire | 1 | |
4 total
» buildings
| Altar of Storms | 2 | |
| Orc Burrow | 7 | |
| War Mill | 1 | |
| Watch Tower | 95 | |
| Voodoo Lounge | 1 | |
| Stronghold | 2 | |
| Beastiary | 6 | |
| Fortress | 2 | |
| Great Hall | 6 | |
122 total
» build order
00:02 Altar of Storms
00:12 Orc Burrow
00:45 War Mill
02:09 Watch Tower
02:11 Watch Tower
02:56 Orc Burrow
03:19 Watch Tower
03:20 Watch Tower
04:05 Watch Tower
04:06 Watch Tower
04:20 Watch Tower
04:31 Watch Tower
04:35 Watch Tower
04:36 Watch Tower
04:49 Voodoo Lounge
05:26 Stronghold
05:44 Watch Tower
06:22 Watch Tower
06:23 Watch Tower
06:59 Watch Tower
07:00 Watch Tower
07:33 Watch Tower
07:34 Watch Tower
07:35 Watch Tower
07:36 Watch Tower
07:37 Watch Tower
08:00 Beastiary
08:01 Beastiary
08:19 Watch Tower
08:20 Watch Tower
08:44 Orc Burrow
08:50 Watch Tower
08:50 Watch Tower
08:53 Watch Tower
08:53 Watch Tower
09:22 Watch Tower
09:23 Watch Tower
10:47 Watch Tower
11:37 Watch Tower
11:45 Orc Burrow
11:55 Watch Tower
11:59 Watch Tower
12:09 Watch Tower
13:01 Watch Tower
13:08 Watch Tower
13:23 Watch Tower
13:38 Watch Tower
13:59 Watch Tower
14:35 Watch Tower
14:35 Watch Tower
14:39 Watch Tower
16:10 Watch Tower
16:11 Watch Tower
16:12 Watch Tower
16:44 Watch Tower
16:44 Watch Tower
16:46 Watch Tower
17:23 Watch Tower
17:35 Watch Tower
17:36 Watch Tower
18:04 Fortress
18:04 Fortress
19:25 Watch Tower
20:04 Great Hall
20:40 Watch Tower
21:39 Watch Tower
21:40 Watch Tower
21:41 Watch Tower
21:43 Watch Tower
21:43 Watch Tower
21:44 Watch Tower
21:45 Watch Tower
21:46 Watch Tower
21:47 Watch Tower
21:48 Watch Tower
21:49 Watch Tower
21:50 Watch Tower
21:52 Watch Tower
22:43 Orc Burrow
27:29 Watch Tower
27:30 Watch Tower
27:39 Watch Tower
27:40 Watch Tower
27:41 Watch Tower
27:42 Watch Tower
30:08 Watch Tower
30:09 Watch Tower
30:42 Watch Tower
33:00 Watch Tower
33:02 Watch Tower
33:02 Watch Tower
34:58 Great Hall
35:00 Watch Tower
35:01 Watch Tower
35:02 Watch Tower
35:02 Watch Tower
35:39 Watch Tower
35:40 Watch Tower
35:40 Watch Tower
36:03 Great Hall
36:56 Watch Tower
36:56 Watch Tower
36:57 Watch Tower
36:58 Watch Tower
36:58 Watch Tower
36:59 Watch Tower
37:00 Watch Tower
37:00 Watch Tower
37:02 Watch Tower
37:03 Watch Tower
37:03 Watch Tower
37:25 Great Hall
37:58 Great Hall
» items
| Healing Salve | 3 | |
| Lesser Clarity Potion | 4 | |
| Orb of Lightning | 2 | |
| Scroll of Town Portal | 3 | |
12 total
dirtmcwordup (
pink | 123 APM | 4654 actions | 37:58)
7 Keeper of the Grove
3 Entangling Roots
3 Thorns Aura
1 Tranquility
1 Dark Ranger
1 Silence
» actions
| Assign group hotkey | 17 | |
| Basic commands | 75 | |
| Build / train | 98 | |
| ESC pressed | 1 | |
| Enter build submenu | 20 | |
| Enter hero's abilities submenu | 14 | |
| Give item / drop item | 2 | |
| Right click | 2204 | |
| Select / deselect | 407 | |
| Select group hotkey | 1643 | |
| Use ability | 173 | |
4654 total
» units
» upgrades
| Corrosive Breath | 1 | |
| Strength of the Wild | 3 | |
| Ultravision | 1 | |
| Reinforced Hides | 2 | |
| Well Spring | 1 | |
8 total
» buildings
| Altar of Elders | 2 | |
| Moon Well | 12 | |
| Tree of Life | 1 | |
| Tree of Ages | 1 | |
| Tree of Eternity | 1 | |
| Ancient of Wind | 1 | |
| Hunter's Hall | 1 | |
| Chimaera Roost | 2 | |
21 total
» build order
00:05 Altar of Elders
00:14 Moon Well
01:36 Moon Well
03:40 Moon Well
03:46 Moon Well
03:54 Moon Well
08:08 Tree of Life
17:50 Moon Well
21:35 Moon Well
21:38 Tree of Ages
23:05 Altar of Elders
23:06 Moon Well
23:09 Moon Well
24:26 Tree of Eternity
26:57 Ancient of Wind
27:16 Hunter's Hall
29:12 Chimaera Roost
29:13 Chimaera Roost
35:03 Moon Well
37:58 Moon Well
» items
| Lesser Clarity Potion | 3 | |
| Inferno Stone | 2 | |
| Potion of Healing | 2 | |
| Potion of Mana | 2 | |
| Orb of Lightning | 1 | |
| Belt of Giant Strength +6 | 1 | |
| Scroll of Town Portal | 8 | |
| Boots of Quel'Thalas +6 | 1 | |
| Mana Stone | 1 | |
| Scroll of Restoration | 1 | |
22 total
kunt.roII (
orange | 91 APM | 3446 actions | 37:58)
5 Archmage
3 Blizzard
2 Brilliance Aura
1 Paladin
1 Divine Shield
» actions
| Assign group hotkey | 29 | |
| Basic commands | 74 | |
| Build / train | 203 | |
| ESC pressed | 40 | |
| Enter build submenu | 89 | |
| Enter hero's abilities submenu | 8 | |
| Give item / drop item | 1 | |
| Right click | 1409 | |
| Select / deselect | 838 | |
| Select group hotkey | 510 | |
| Use ability | 243 | |
3446 total
» units
| Peasant | 49 | |
| Goblin Zeppelin | 2 | |
| Flying Machine | 17 | |
| Siege Engine | 1 | |
69 total
» upgrades
| Gunpowder | 2 | |
| Plating | 2 | |
| Flak Cannons | 1 | |
| Barrage | 1 | |
6 total
» buildings
| Altar of Kings | 3 | |
| Farm | 16 | |
| Lumber Mill | 1 | |
| Scout Tower | 72 | |
| Arcane Tower | 11 | |
| Guard Tower | 71 | |
| Keep | 7 | |
| Town Hall | 5 | |
| Blacksmith | 1 | |
| Castle | 3 | |
| Workshop | 3 | |
193 total
» build order
00:12 Altar of Kings
00:27 Farm
00:38 Lumber Mill
01:01 Farm
01:11 Scout Tower
01:13 Scout Tower
01:27 Scout Tower
01:30 Scout Tower
01:38 Arcane Tower
01:38 Arcane Tower
01:42 Scout Tower
01:53 Arcane Tower
01:53 Arcane Tower
01:53 Arcane Tower
02:05 Scout Tower
02:10 Guard Tower
02:10 Guard Tower
02:10 Guard Tower
02:14 Scout Tower
02:21 Guard Tower
02:44 Scout Tower
02:45 Guard Tower
02:47 Scout Tower
03:20 Guard Tower
03:21 Guard Tower
03:28 Scout Tower
03:30 Scout Tower
03:31 Scout Tower
03:39 Guard Tower
03:40 Scout Tower
03:41 Scout Tower
03:48 Scout Tower
03:54 Farm
04:15 Guard Tower
04:15 Guard Tower
04:17 Scout Tower
04:18 Scout Tower
04:18 Scout Tower
04:19 Scout Tower
04:21 Scout Tower
04:23 Scout Tower
04:24 Scout Tower
04:27 Scout Tower
04:36 Guard Tower
04:36 Guard Tower
04:36 Guard Tower
04:53 Scout Tower
04:57 Guard Tower
04:57 Guard Tower
04:57 Guard Tower
05:07 Scout Tower
05:07 Scout Tower
05:17 Scout Tower
05:17 Scout Tower
05:19 Guard Tower
05:22 Guard Tower
05:22 Guard Tower
05:28 Scout Tower
05:29 Guard Tower
05:29 Guard Tower
05:29 Guard Tower
05:32 Scout Tower
05:33 Scout Tower
05:33 Scout Tower
05:43 Scout Tower
05:47 Guard Tower
05:57 Guard Tower
06:05 Guard Tower
06:09 Guard Tower
06:09 Guard Tower
06:10 Guard Tower
06:36 Scout Tower
06:37 Scout Tower
06:47 Keep
06:57 Scout Tower
06:57 Scout Tower
07:08 Guard Tower
07:08 Guard Tower
07:09 Guard Tower
07:10 Guard Tower
07:38 Scout Tower
07:38 Scout Tower
08:30 Guard Tower
08:30 Guard Tower
08:31 Scout Tower
08:32 Scout Tower
08:32 Scout Tower
08:49 Scout Tower
08:50 Scout Tower
09:20 Scout Tower
09:40 Scout Tower
09:43 Town Hall
10:02 Scout Tower
10:05 Scout Tower
10:06 Scout Tower
10:07 Scout Tower
10:07 Scout Tower
10:08 Scout Tower
10:08 Scout Tower
10:45 Scout Tower
10:46 Scout Tower
10:47 Scout Tower
10:47 Scout Tower
10:48 Scout Tower
10:54 Arcane Tower
10:54 Arcane Tower
10:57 Scout Tower
10:58 Scout Tower
11:16 Guard Tower
11:16 Guard Tower
11:30 Town Hall
11:35 Scout Tower
11:36 Scout Tower
11:38 Guard Tower
11:38 Guard Tower
11:38 Guard Tower
12:01 Guard Tower
12:01 Guard Tower
12:43 Guard Tower
12:43 Guard Tower
12:52 Guard Tower
12:52 Guard Tower
12:54 Scout Tower
12:55 Scout Tower
12:57 Scout Tower
13:29 Scout Tower
13:30 Scout Tower
13:41 Guard Tower
13:41 Guard Tower
13:41 Guard Tower
15:15 Guard Tower
15:23 Scout Tower
15:24 Scout Tower
15:24 Scout Tower
15:24 Scout Tower
15:25 Scout Tower
15:56 Guard Tower
17:15 Altar of Kings
19:45 Farm
19:47 Farm
20:37 Farm
29:37 Town Hall
37:16 Keep
37:16 Keep
37:16 Keep
37:16 Keep
37:58 Town Hall
» items
| Healing Wards | 1 | |
| Book of the Dead | 2 | |
| Demonic Figurine | 2 | |
| Stone Token | 1 | |
| Potion of Restoration | 2 | |
8 total
mata. (
purple | 145 APM | 5511 actions | 37:58)
5 Far Seer
2 Feral Spirit
3 Chain Lighting
» actions
| Assign group hotkey | 584 | |
| Basic commands | 94 | |
| Build / train | 164 | |
| ESC pressed | 26 | |
| Enter build submenu | 302 | |
| Enter hero's abilities submenu | 9 | |
| Remove unit from queue | 13 | |
| Right click | 2660 | |
| Select / deselect | 1109 | |
| Select group hotkey | 29 | |
| Use ability | 521 | |
5511 total
» units
| Peon | 72 | |
| Goblin Shredder | 3 | |
| Troll Batrider | 29 | |
| Goblin Sapper | 5 | |
109 total
» upgrades
| Spiked Barricades | 3 | |
| Reinforced Defenses | 1 | |
| Backpack | 0 | |
| Liquid Fire | 1 | |
5 total
» buildings
| Altar of Storms | 2 | |
| Orc Burrow | 19 | |
| War Mill | 3 | |
| Watch Tower | 238 | |
| Stronghold | 1 | |
| Beastiary | 2 | |
| Great Hall | 4 | |
| Fortress | 3 | |
| Voodoo Lounge | 1 | |
273 total
» build order
00:04 Altar of Storms
00:18 Orc Burrow
01:12 War Mill
02:53 Watch Tower
02:53 Watch Tower
03:00 Orc Burrow
03:03 Watch Tower
03:54 Watch Tower
03:55 Watch Tower
04:01 Watch Tower
04:40 Watch Tower
04:41 Watch Tower
05:00 Watch Tower
05:18 Watch Tower
05:45 Watch Tower
06:27 Watch Tower
07:04 Watch Tower
07:09 Orc Burrow
07:46 Stronghold
08:13 Watch Tower
08:33 Watch Tower
10:17 War Mill
10:43 Beastiary
10:44 Beastiary
11:23 Orc Burrow
11:34 Watch Tower
11:35 Watch Tower
11:36 Watch Tower
11:51 Watch Tower
11:52 Watch Tower
11:58 Watch Tower
11:58 Watch Tower
12:01 Watch Tower
12:02 Watch Tower
12:03 Watch Tower
12:41 Watch Tower
12:42 Watch Tower
12:43 Watch Tower
13:09 Watch Tower
13:09 Watch Tower
13:10 Watch Tower
13:13 Watch Tower
13:20 Watch Tower
13:29 Watch Tower
13:47 Watch Tower
13:52 Watch Tower
13:57 Watch Tower
14:11 Watch Tower
14:15 Watch Tower
14:44 Watch Tower
14:45 Watch Tower
14:58 Watch Tower
14:59 Watch Tower
15:27 Watch Tower
15:51 Great Hall
16:21 Fortress
16:21 Fortress
16:22 Fortress
16:42 Watch Tower
16:43 Watch Tower
16:47 Watch Tower
16:50 Watch Tower
16:50 Watch Tower
17:18 Voodoo Lounge
17:30 Watch Tower
17:32 Watch Tower
17:34 Watch Tower
17:37 Watch Tower
17:40 Watch Tower
17:40 Watch Tower
17:57 Watch Tower
18:03 Watch Tower
18:03 Watch Tower
18:30 Watch Tower
19:01 Watch Tower
22:32 Great Hall
22:33 Watch Tower
22:34 Watch Tower
22:42 Watch Tower
22:42 Watch Tower
22:48 Watch Tower
22:57 Watch Tower
22:59 Watch Tower
23:11 War Mill
23:30 Watch Tower
23:31 Watch Tower
23:32 Watch Tower
23:33 Watch Tower
23:39 Watch Tower
23:40 Watch Tower
23:41 Watch Tower
23:48 Watch Tower
23:49 Watch Tower
23:49 Watch Tower
23:52 Watch Tower
23:52 Watch Tower
23:53 Watch Tower
24:18 Watch Tower
24:19 Watch Tower
24:29 Watch Tower
24:30 Watch Tower
24:30 Watch Tower
24:32 Watch Tower
24:32 Watch Tower
24:53 Watch Tower
24:59 Watch Tower
25:23 Watch Tower
25:23 Watch Tower
25:26 Watch Tower
25:26 Watch Tower
25:35 Orc Burrow
25:35 Orc Burrow
25:36 Orc Burrow
25:37 Orc Burrow
25:37 Orc Burrow
25:38 Orc Burrow
25:40 Altar of Storms
25:46 Watch Tower
25:47 Watch Tower
25:48 Watch Tower
25:52 Watch Tower
25:53 Watch Tower
26:16 Watch Tower
26:17 Watch Tower
26:18 Watch Tower
26:24 Watch Tower
26:26 Watch Tower
26:27 Watch Tower
26:31 Watch Tower
26:32 Watch Tower
26:38 Watch Tower
26:51 Watch Tower
26:55 Watch Tower
27:00 Watch Tower
27:07 Watch Tower
27:08 Watch Tower
27:12 Great Hall
27:14 Watch Tower
27:17 Watch Tower
27:19 Watch Tower
27:36 Watch Tower
27:50 Watch Tower
28:06 Watch Tower
28:08 Watch Tower
28:13 Watch Tower
28:21 Watch Tower
28:24 Watch Tower
28:26 Watch Tower
29:33 Watch Tower
29:36 Watch Tower
29:39 Watch Tower
29:43 Watch Tower
29:43 Watch Tower
29:44 Watch Tower
29:56 Watch Tower
30:01 Watch Tower
30:01 Watch Tower
30:16 Watch Tower
30:22 Watch Tower
30:35 Watch Tower
30:40 Watch Tower
32:02 Watch Tower
32:03 Watch Tower
32:28 Watch Tower
32:29 Watch Tower
32:31 Watch Tower
32:38 Watch Tower
33:35 Watch Tower
33:36 Watch Tower
33:40 Watch Tower
33:56 Watch Tower
33:56 Watch Tower
33:57 Watch Tower
34:00 Watch Tower
35:35 Watch Tower
35:36 Watch Tower
35:37 Watch Tower
35:43 Watch Tower
35:44 Watch Tower
36:06 Watch Tower
36:45 Watch Tower
36:46 Watch Tower
36:46 Watch Tower
36:47 Watch Tower
36:48 Watch Tower
36:48 Watch Tower
36:49 Watch Tower
36:50 Watch Tower
36:52 Watch Tower
37:38 Watch Tower
37:39 Watch Tower
37:40 Watch Tower
37:40 Watch Tower
37:53 Watch Tower
37:54 Watch Tower
37:54 Watch Tower
37:58 Watch Tower
» items
| Healing Salve | 3 | |
| Inferno Stone | 1 | |
| Potion of Divinity | 1 | |
| Ice Shard | 2 | |
| Book of the Dead | 1 | |
| Potion of Restoration | 2 | |
| Health Stone | 1 | |
11 total
team 2 (loser)
BLIND.SIDE (
teal | 65 APM | 2477 actions | 37:58)
7 Death Knight
3 Death Coil
3 Unholy Aura
1 Animate Dead
5 Dreadlord
3 Sleep
2 Vampiric Aura
» actions
| Assign group hotkey | 3 | |
| Basic commands | 49 | |
| Build / train | 77 | |
| Enter build submenu | 15 | |
| Enter hero's abilities submenu | 12 | |
| Give item / drop item | 4 | |
| Right click | 1620 | |
| Select / deselect | 555 | |
| Select group hotkey | 45 | |
| Use ability | 96 | |
2477 total
» units
| Acolyte | 12 | |
| Ghoul | 4 | |
| Crypt Fiend | 4 | |
| Frost Wyrm | 28 | |
48 total
» upgrades
| Creature Attack | 2 | |
| Freezing Breath | 1 | |
3 total
» buildings
| Crypt | 1 | |
| Graveyard | 1 | |
| Altar of Darkness | 1 | |
| Ziggurat | 9 | |
| Nerubian Tower | 1 | |
| Halls of the Dead | 1 | |
| Spirit Tower | 1 | |
| Black Citadel | 1 | |
| Sacrificial Pit | 1 | |
| Boneyard | 4 | |
21 total
» build order
00:12 Crypt
00:18 Graveyard
00:28 Altar of Darkness
01:05 Ziggurat
01:55 Ziggurat
02:27 Nerubian Tower
04:55 Halls of the Dead
05:49 Spirit Tower
05:58 Ziggurat
06:00 Ziggurat
07:20 Black Citadel
07:39 Sacrificial Pit
08:11 Ziggurat
08:12 Ziggurat
08:14 Ziggurat
09:29 Ziggurat
09:36 Ziggurat
09:44 Boneyard
09:47 Boneyard
09:49 Boneyard
34:57 Boneyard
» items
| Ankh of Reincarnation | 1 | |
| Healing Wards | 1 | |
| Ice Shard | 1 | |
| Inferno Stone | 1 | |
| Red Drake Egg | 1 | |
| Potion of Restoration | 1 | |
| Healing Salve | 1 | |
| Scroll of Speed | 1 | |
8 total
ghostnuke. (
blue | 160 APM | 6086 actions | 37:58)
8 Tauren Chieftain
3 Shockwave
3 Endurance Aura
1 Reincarnation
1 War Stomp
4 Shadow Hunter
2 Hex
2 Healing Wave
» actions
| Assign group hotkey | 72 | |
| Basic commands | 76 | |
| Build / train | 201 | |
| ESC pressed | 21 | |
| Enter build submenu | 39 | |
| Enter hero's abilities submenu | 18 | |
| Give item / drop item | 17 | |
| Remove unit from queue | 1 | |
| Right click | 2667 | |
| Select / deselect | 1020 | |
| Select group hotkey | 1645 | |
| Use ability | 309 | |
6086 total
» units
| Peon | 27 | |
| Wind Rider | 17 | |
| Raider | 16 | |
| Kodo Beast | 3 | |
| Troll Witch Doctor | 11 | |
| Demolisher | 4 | |
| Shaman | 7 | |
| Tauren | 7 | |
| Troll Batrider | 19 | |
111 total
» upgrades
| Ranged Weapons | 3 | |
| Ensnare | 1 | |
| Armor | 3 | |
| Melee Weapons | 3 | |
| Shaman Training | 3 | |
| Witch Doctor Training | 2 | |
| War Drums Damage Increase | 1 | |
| Envenomed Spears | 1 | |
| Burning Oil | 1 | |
| Pillage | 1 | |
| Backpack | 1 | |
| Reinforced Defenses | 1 | |
| Pulverize | 1 | |
| Liquid Fire | 1 | |
23 total
» buildings
| Altar of Storms | 1 | |
| Orc Burrow | 8 | |
| Stronghold | 2 | |
| War Mill | 3 | |
| Beastiary | 4 | |
| Voodoo Lounge | 10 | |
| Fortress | 1 | |
| Spirit Lodge | 1 | |
| Barracks | 2 | |
| Great Hall | 3 | |
| Tauren Totem | 2 | |
37 total
» build order
00:06 Altar of Storms
00:19 Orc Burrow
00:38 Stronghold
00:39 Stronghold
00:53 War Mill
01:02 Orc Burrow
01:53 Orc Burrow
03:02 Beastiary
03:03 Beastiary
03:08 Beastiary
03:11 Beastiary
03:26 Orc Burrow
04:07 Orc Burrow
04:15 Voodoo Lounge
04:26 Voodoo Lounge
04:28 Voodoo Lounge
05:51 Orc Burrow
06:51 Fortress
06:54 Spirit Lodge
11:45 Orc Burrow
12:53 Barracks
14:06 Orc Burrow
21:30 Barracks
29:54 Voodoo Lounge
29:55 Voodoo Lounge
29:56 Voodoo Lounge
30:27 Voodoo Lounge
30:30 Voodoo Lounge
30:30 Voodoo Lounge
33:55 Voodoo Lounge
37:58 Great Hall
» items
| Healing Salve | 10 | |
| Tiny Great Hall | 1 | |
| Orb of Lightning | 2 | |
| Lesser Clarity Potion | 4 | |
| Belt of Giant Strength +6 | 1 | |
| Ankh of Reincarnation | 1 | |
| Scroll of Restoration | 1 | |
| Potion of Healing | 2 | |
| Scroll of Town Portal | 1 | |
| Sobi Mask | 14 | |
| Boots of Quel'Thalas +6 | 6 | |
43 total
MESSENGERTI (
red | 74 APM | 2806 actions | 37:58)
7 Demon Hunter
3 Mana Burn
3 Evasion
1 Metamorphosis
2 Priestess of the Moon
1 Trueshot Aura
1 Searing Arrows
» actions
| Assign group hotkey | 24 | |
| Basic commands | 66 | |
| Build / train | 73 | |
| ESC pressed | 1 | |
| Enter build submenu | 26 | |
| Enter hero's abilities submenu | 10 | |
| Right click | 1295 | |
| Select / deselect | 481 | |
| Select group hotkey | 732 | |
| Use ability | 98 | |
2806 total
» units
| Wisp | 24 | |
| Ogre Mauler | 1 | |
| Forest Troll Berserker | 1 | |
| Forest Troll Shadow Priest | 1 | |
| Chimaera | 15 | |
42 total
» upgrades
| Strength of the Wild | 3 | |
| Reinforced Hides | 2 | |
| Well Spring | 1 | |
| Corrosive Breath | 1 | |
7 total
» buildings
| Altar of Elders | 4 | |
| Moon Well | 10 | |
| Tree of Life | 2 | |
| Tree of Ages | 1 | |
| Ancient of Wonders | 1 | |
| Tree of Eternity | 1 | |
| Ancient of Wind | 1 | |
| Chimaera Roost | 4 | |
| Hunter's Hall | 1 | |
25 total
» build order
00:05 Altar of Elders
00:06 Moon Well
22:13 Tree of Life
30:27 Tree of Ages
30:30 Ancient of Wonders
30:32 Moon Well
30:34 Moon Well
30:35 Moon Well
31:38 Moon Well
31:39 Moon Well
31:40 Moon Well
32:51 Tree of Eternity
32:52 Ancient of Wind
33:43 Moon Well
35:15 Chimaera Roost
35:15 Chimaera Roost
35:16 Chimaera Roost
35:21 Chimaera Roost
35:27 Hunter's Hall
37:58 Altar of Elders
» items
| Book of the Dead | 1 | |
| The Lion Horn of Stormwind | 1 | |
| Demonic Figurine | 1 | |
| Health Stone | 1 | |
| Red Drake Egg | 1 | |
| Inferno Stone | 1 | |
| Potion of Healing | 1 | |
| Scroll of Town Portal | 2 | |
| Orb of Venom | 1 | |
10 total
OneLastTry (
green | 48 APM | 1818 actions | 37:58)
7 Blademaster
3 Wind Walk
3 Critical Strike
1 Bladestorm
1 Pit Lord
1 Rain of Fire
» actions
| Assign group hotkey | 3 | |
| Build / train | 54 | |
| Enter build submenu | 12 | |
| Enter hero's abilities submenu | 9 | |
| Give item / drop item | 3 | |
| Right click | 1179 | |
| Select / deselect | 420 | |
| Select group hotkey | 16 | |
| Use ability | 122 | |
1818 total
» units
| Peon | 7 | |
| Goblin Shredder | 1 | |
| Mud Golem | 1 | |
| Demolisher | 4 | |
13 total
» buildings
| Altar of Storms | 1 | |
| Orc Burrow | 3 | |
| Voodoo Lounge | 1 | |
| Barracks | 2 | |
| Stronghold | 2 | |
| Great Hall | 2 | |
| War Mill | 1 | |
12 total
» build order
00:05 Altar of Storms
00:07 Orc Burrow
03:51 Voodoo Lounge
20:48 Barracks
20:54 Barracks
20:55 Stronghold
22:01 Great Hall
22:21 War Mill
22:28 Orc Burrow
22:31 Orc Burrow
37:12 Great Hall
37:58 Stronghold
» items
| Lesser Clarity Potion | 8 | |
| Scroll of Speed | 2 | |
| Healing Salve | 4 | |
| Book of the Dead | 1 | |
| Health Stone | 1 | |
| Orb of Lightning | 1 | |
| Potion of Mana | 3 | |
| Potion of Healing | 2 | |
| Ice Shard | 1 | |
| Scroll of Resurrection | 1 | |
| Stone Token | 1 | |
| Amulet of the Wild | 1 | |
| Scroll of Town Portal | 1 | |
27 total
Chat log
(00:03 / Allies) kunt.roII: haha.
(00:06 / Allies) blinN: same guys from murgul
(00:08 / Allies) dirtmcwordup: thank god for this map
(00:09 / All) mata.: gl hf how u boys doin
(00:10 / Allies) dirtmcwordup: i gotta take a shit
(00:15 / All) kunt.roII: pertty well .
(00:20 / Allies) dirtmcwordup: kunt tower like madulary
(00:29 / Allies) blinN: me and mata
(00:30 / Allies) blinN: chillin
(00:33 / Allies) mata.: lets makea de towe4r
(00:38 / Allies) mata.: you get that tay
(00:43 / Allies) dirtmcwordup: tower these 2 kunt
(00:45 / Allies) dirtmcwordup: i feed like nuts
(00:46 / Allies) dirtmcwordup: send now
(00:57 / Allies) mata.: mb tow base a littol
(01:13 / Allies) blinN: far seer?
(01:14 / Allies) blinN: really?
(01:21 / Allies) mata.: yes building dogman
(01:29 / Allies) dirtmcwordup: can you noops tower please
(01:32 / Allies) mata.: blinn got this 1 i think
(01:34 / All) BLIND.SIDE: sry about that
(01:37 / Allies) blinN: alright we'll try
(01:46 / Allies) kunt.roII: wod
(01:53 / Allies) dirtmcwordup: spread em out to start with kunt
(01:56 / Allies) blinN: are we not starting out in base
(01:58 / Allies) mata.: spread 'em
(01:59 / Allies) dirtmcwordup: no
(02:03 / Allies) mata.: guess not....
(02:04 / Allies) blinN: ok
(03:24 / Allies) kunt.roII: what ownage
(03:27 / Allies) mata.: no lure
(03:27 / Allies) mata.: please
(03:32 / Allies) blinN: going down
(03:33 / Allies) dirtmcwordup: that was sweet ass wisp surr
(03:39 / All) OneLastTry: mama burn him
(03:43 / All) mata.: mama burn
(03:46 / Allies) blinN: haha
(04:07 / Allies) dirtmcwordup: saivng wood for tech now
(04:07 / Allies) mata.: yo what the fuck that's hilarious
(04:08 / Allies) kunt.roII: beasitaries
(04:10 / Allies) mata.: mama Burn
(04:17 / Allies) dirtmcwordup: tower mains
(04:18 / Allies) dirtmcwordup: fuck
(04:20 / Allies) mata.: tower bases yah
(04:21 / Allies) blinN: WOW
(04:24 / Allies) blinN: we usually would
(04:27 / Allies) blinN: but tim wants to be a fuckin dick
(04:32 / Allies) dirtmcwordup: mata pinged it
(04:34 / Allies) dirtmcwordup: god damn blinn
(04:35 / Allies) dirtmcwordup: suck a dick
(04:40 / Allies) dirtmcwordup: you are huge whiny btich eveyr game
(04:42 / Allies) blinN: now i have 6 towers in the middle of fucking nowhere
(04:42 / Allies) kunt.roII: gkold me timg
(05:34 / Allies) dirtmcwordup: make towers please
(05:47 / Allies) dirtmcwordup: they flying over to my main
(05:53 / Allies) kunt.roII: ud is creepin our shit
(06:04 / Allies) blinN: this a fucking gay strat
(06:05 / Allies) mata.: gj noobs
(06:12 / Allies) mata.: fuck this not losing to noob feed 2x
(06:35 / Allies) dirtmcwordup: why did you tower your side first kunt
(06:35 / Allies) mata.: yo matas allies
(06:44 / Allies) blinN: can't believe this
(06:49 / Allies) blinN: tim's fucking retarded suggestion
(06:52 / Allies) blinN: lost us this game
(06:53 / Allies) dirtmcwordup: blinn
(06:54 / Allies) mata.: we kind of knew this was gonna happen right
(06:55 / Allies) dirtmcwordup: are you stupid
(06:58 / Allies) dirtmcwordup: mata pinged it first.
(07:01 / Allies) dirtmcwordup: god damn
(07:24 / Allies) mata.: lets build some towers this time instead of just givin up
(07:24 / Allies) dirtmcwordup: keep making
(07:26 / Allies) dirtmcwordup: towers
(07:28 / Allies) dirtmcwordup: god fucking jeuss christ
(07:51 / Allies) kunt.roII: why do u think i can tower 4 plaCES AT ONCE
(07:52 / Allies) kunt.roII: caps lol.
(08:01 / Allies) dirtmcwordup: because i fed you all my resources
(08:03 / Allies) mata.: why couldn't you
(08:05 / Allies) kunt.roII: yeah like 2 seconds ago
(08:14 / Allies) kunt.roII: i spend all money constantly all game and its never enough.. .
(08:21 / Allies) dirtmcwordup: cancel tech noob
(08:23 / Allies) kunt.roII: towering outside of bases doesnt work when they rush our mains...
(08:26 / Allies) mata.: kunt roii challenging blinn for crying hardest
(08:38 / Allies) kunt.roII: mata calls dumb strat
(08:44 / Allies) mata.: what do i have to do with this
(08:47 / Allies) kunt.roII: cries when allies lose bases
(08:50 / Allies) dirtmcwordup: would have worked if they didnt fast build wyv
(08:54 / Allies) blinN: like they did
(08:55 / Allies) blinN: last time
(08:56 / Allies) blinN: we played them
(08:58 / Allies) kunt.roII: hururrr we knew thats what they were doing
(09:03 / Allies) dirtmcwordup: who looks at names
(09:04 / Allies) dirtmcwordup: i dont.
(09:08 / Allies) blinN: we told you at start
(09:09 / Allies) kunt.roII: who reads that chat
(09:10 / Allies) kunt.roII: timg doesnt
(09:21 / Allies) dirtmcwordup: why couldnt it be you two up top
(09:29 / Allies) dirtmcwordup: we would have had a chacne, you could have drowned them with tears
(09:37 / Allies) mata.: they didn't rush us because we had towers
(09:41 / Allies) blinN: lum
(09:50 / Allies) kunt.roII: u have 5 towers
(09:51 / Allies) kunt.roII: i had 4
(09:54 / Allies) blinN: howd they know
(09:55 / Allies) blinN: to look up here
(09:55 / Allies) kunt.roII: yeah thats why they didnt rush u
(10:09 / Allies) mata.: they obviously can't take my main
(10:09 / Allies) mata.: s
(10:10 / Allies) mata.: o
(10:16 / Allies) kunt.roII: why cant they.
(10:20 / Allies) mata.: because ih ave towes
(10:22 / Allies) kunt.roII: 5 towers they cant take wioth 15 wyvs?
(10:27 / Allies) mata.: yes
(10:28 / Allies) kunt.roII: i had 4 human towers.. with upgrade...
(10:33 / Allies) kunt.roII: and they didnt even vlink...
(10:37 / Allies) dirtmcwordup: bring bats up top
(11:00 / Allies) dirtmcwordup: send tower team
(11:08 / Allies) mata.: we dont have resources
(11:10 / Allies) kunt.roII: this going 2 get rolled by the ud
(11:21 / Allies) kunt.roII: or that
(11:25 / Allies) kunt.roII: or that
(11:31 / Allies) blinN: what do you expect
(11:35 / Allies) blinN: half towers out there half towers in base
(11:44 / Allies) dirtmcwordup: base should be fine
(11:56 / Allies) dirtmcwordup: focus on these
(12:01 / Allies) blinN: yes I will NOW
(12:05 / Allies) blinN: i have spent enough resources on my base
(12:10 / Allies) dirtmcwordup: gimme 100g please
(12:14 / Allies) mata.: i am going to mute everyone
(12:15 / Allies) mata.: on my team
(12:19 / Allies) dirtmcwordup: kunt needs gold too
(12:19 / Allies) kunt.roII: lmao
(12:21 / Allies) dirtmcwordup: for towers
(12:29 / Allies) mata.: god knows why i waited this long
(12:46 / Allies) kunt.roII: scanned
(12:47 / Allies) dirtmcwordup: get bats ready
(12:54 / Allies) blinN: they are
(13:21 / Allies) dirtmcwordup: tkaing this
(13:45 / Allies) mata.: brt
(13:52 / Allies) blinN: i'm waiting for a few Ts to go up
(14:29 / Allies) dirtmcwordup: dont stop towers we aint got time for that shit
(14:35 / Allies) kunt.roII: gg trop
(14:47 / Allies) kunt.roII: we lose so bad
(14:50 / All) OneLastTry: GG?
(15:00 / Allies) mata.: tower mains
(15:04 / Allies) kunt.roII: thx 2 mata and timg strat for exceellent base defense
(15:12 / Allies) kunt.roII: meanwhile mata has saem tower as me..and "loook they cant kill me hurr"
(15:20 / Allies) dirtmcwordup: maybe you say "hey lets tower our mains these guys fast build wyv" next time
(15:24 / Allies) dirtmcwordup: instead of cryig the whole game
(15:26 / All) BLIND.SIDE: Gg
(15:35 / Allies) kunt.roII: i dont cry until u faggots cry about us losing b ase...
(16:59 / All) OneLastTry: U BASTARDS
(17:02 / All) OneLastTry: KILLED MY SHREDDER!
(17:18 / Allies) kunt.roII: noob allies.. . .
(17:41 / All) OneLastTry: now i have a golem!
(17:43 / Allies) dirtmcwordup: 100g
(17:44 / All) OneLastTry: be afraid!
(17:47 / All) OneLastTry: he eats cocks
(18:06 / Allies) mata.: ty need lumber
(18:11 / Allies) dirtmcwordup: no spikes blinn
(18:12 / Allies) dirtmcwordup: ???
(18:56 / Allies) mata.: nice tangle
(19:12 / Allies) kunt.roII: 100g timg plz
(19:32 / Allies) kunt.roII: 100 g timg plz.
(19:39 / Allies) mata.: need some lum
(19:40 / Allies) kunt.roII: also take that
(19:47 / Allies) dirtmcwordup: gt no lum
(19:49 / Allies) dirtmcwordup: all my wisps died
(19:51 / Allies) blinN: im takin
(20:07 / Allies) mata.: getting forties
(20:36 / Allies) mata.: wish i had lumber....
(21:00 / Allies) mata.: fernal stores in shoppes
(21:02 / Allies) blinN: checking htye haven't expanded
(21:06 / Allies) mata.: just not this one
(21:12 / Allies) dirtmcwordup: tower this please some1
(21:16 / Allies) blinN: absolutely no gold or lum
(21:22 / Allies) blinN: to spare or otherwise
(21:37 / Allies) mata.: i got some gold
(21:51 / Allies) mata.: i want to buy a fernal with it tho
(22:05 / Allies) dirtmcwordup: blue is at least 80 food
(22:14 / Allies) mata.: this aint a highperch
(22:17 / Allies) mata.: this is friends
(22:23 / Allies) mata.: gold irrelevant really
(22:24 / Allies) dirtmcwordup: just sayin
(22:34 / Allies) dirtmcwordup: his income is slow
(22:53 / Allies) kunt.roII: LoL
(23:30 / Allies) dirtmcwordup: lemme get exp tome
(23:54 / Allies) dirtmcwordup: gotta go south
(23:56 / Allies) dirtmcwordup: to defend
(24:12 / Allies) dirtmcwordup: got ferno
(24:15 / Allies) mata.: me too
(24:22 / Allies) dirtmcwordup: also im 5
(24:26 / Allies) blinN: fuck
(27:13 / Allies) blinN: anylum?
(27:17 / Allies) dirtmcwordup: chim soon
(27:24 / Allies) blinN: ok i'll try help plug hole on bot
(27:34 / Allies) dirtmcwordup: they can break this too
(27:41 / Allies) mata.: yeah but bases are strnog
(27:55 / Allies) kunt.roII: pults
(28:05 / Allies) blinN: lemme C dat
(28:11 / Allies) kunt.roII: can ig et some $$$. .. .
(28:48 / Allies) blinN: raiders suck
(28:57 / Allies) kunt.roII: wood too. . .
(29:06 / Allies) blinN: come on you know i don't have wood
(29:16 / Allies) kunt.roII: mata does... . .
(29:46 / Allies) dirtmcwordup: careufl
(29:46 / Allies) dirtmcwordup: trap
(29:50 / Allies) dirtmcwordup: haha
(29:51 / Allies) kunt.roII: LoL
(29:52 / Allies) dirtmcwordup: immo kileld shade
(29:53 / Allies) mata.: teh ghey
(30:09 / Allies) mata.: just hope they dont go for this
(30:24 / Allies) dirtmcwordup: got tranq
(30:25 / Allies) dirtmcwordup: we need aa
(30:29 / Allies) blinN: pumping bats
(30:29 / Allies) dirtmcwordup: roosts up
(30:31 / Allies) blinN: needs more than me though
(30:31 / Allies) dirtmcwordup: gonna hit bases
(30:35 / Allies) kunt.roII: ill go air...1nce i get stuff. . . .
(30:42 / Allies) mata.: dam i need lum bad
(30:46 / Allies) blinN: me too
(30:49 / Allies) kunt.roII: get a shred
(30:52 / Allies) mata.: i did
(30:59 / Allies) blinN: i'll go get 1
(31:32 / Allies) mata.: they took mid
(31:37 / Allies) blinN: ow you know?
(31:45 / Allies) blinN: ah
(31:46 / Allies) mata.: nm
(31:55 / Allies) mata.: maybe it's not open and tc is just hiding
(32:13 / Allies) blinN: tc ripping my towers apart
(32:24 / Allies) dirtmcwordup: need bat
(32:25 / Allies) mata.: fukk a nigg
(32:32 / Allies) dirtmcwordup: man
(32:34 / Allies) dirtmcwordup: wyrm rape summons
(32:34 / Allies) blinN: coming with bats
(32:35 / Allies) dirtmcwordup: so quick
(32:51 / Allies) mata.: they're serious about taking taht
(33:15 / Allies) blinN: huge hole
(33:16 / Allies) blinN: in bot
(33:25 / Allies) blinN: no lumber to plug it
(33:28 / Allies) mata.: all of top is one big hole
(33:35 / Allies) blinN: argh TC is destroying everything
(33:52 / Allies) dirtmcwordup: forcing tp
(34:01 / Allies) kunt.roII: gold blinzz
(34:25 / Allies) mata.: nice levelup
(34:34 / Allies) mata.: siege
(34:52 / Allies) dirtmcwordup: how much does boneyard cost kunt
(34:58 / Allies) kunt.roII: alot of wood
(34:59 / Allies) mata.: i think not that much
(35:01 / Allies) mata.: just lum
(35:03 / Allies) kunt.roII: like 220/200
(35:07 / Allies) dirtmcwordup: fuk
(35:15 / Allies) dirtmcwordup: he forced a tp on me
(35:23 / Allies) kunt.roII: some gold plz mata... . ..
(35:24 / Allies) dirtmcwordup: o it
(35:31 / Allies) blinN: argh fuck
(35:48 / Allies) mata.: anyone need?
(35:50 / Allies) blinN: i can't fuckin expand
(35:51 / Allies) kunt.roII: i could use more. .. . i will go 100food sumthin
(35:54 / Allies) blinN: yes i need
(35:56 / Allies) kunt.roII: if i get fed
(35:58 / Allies) dirtmcwordup: tank would be good
(36:07 / Allies) dirtmcwordup: they havebt spanded
(36:21 / Allies) blinN: they've opened mid though
(36:22 / Allies) mata.: dont build here yet
(36:25 / Allies) mata.: big ol sleeping ogre
(36:29 / Allies) blinN: coming down 4 it
(36:30 / Allies) kunt.roII: are u sure
(36:35 / Allies) mata.: i dont think they have
(37:02 / Allies) mata.: heh
(37:14 / Allies) dirtmcwordup: gonna creep these two
(37:17 / Allies) blinN: NONO
(37:18 / Allies) dirtmcwordup: somebody tower like nutso and i take
(37:19 / Allies) blinN: LEVEL 5
(37:27 / Allies) dirtmcwordup: creep it fast then
(37:31 / Allies) blinN: was gonna get level 5
(37:34 / Allies) dirtmcwordup: hurry
(37:35 / Allies) kunt.roII: u creep it? ??
(37:48 / Allies) dirtmcwordup: get zep here
(37:53 / Allies) dirtmcwordup: pick up 2 wisip and a lot of worker
(37:54 / Allies) dirtmcwordup: ill feed you
(37:58 / All) blinN: u got owned